 Dungeon Crawl Stone Soup version 0.20-a0-876-g2c7b0bf (webtiles) character file.

33 JeffiDaFish the Digger (level 3, 0/19 HPs)
             Began as a Gargoyle Earth Elementalist on Mar 16, 2017.
             Slain by a goblin
             ... wielding a +0 dagger
             ... led by Robin
              (4 damage)
             ... on level 2 of the Dungeon.
             The game lasted 00:02:38 (1075 turns).

JeffiDaFish the Digger (GrEE)                       Turns: 1075, Time: 00:02:39

Health: 0/19       AC:  5    Str: 11    XL:     3   Next: 29%
Magic:  5/6        EV: 12    Int: 15    God:
Gold:   73         SH:  0    Dex: 11    Spells: 5/6 levels left

rFire    . . .     SeeInvis .   f - +0 mace
rCold    + . .     Gourm    .   c - +0 robe
rNeg     + . .     Faith    .   (no shield)
rPois    ∞         Spirit   .   (no helmet)
rElec    +         Reflect  .   (no cloak)
rCorr    .         Harm     .   (no gloves)
MR       .....     Clarity  +   (no boots)
Stlth    +.........             i - amulet of magic regeneration
Regen    0.1/turn               (no ring)
MPRegen  0.2/turn               g - ring of loudness (curse)

@: no status effects
A: hooves 1, blink, clarity, cold resistance 1, negative energy resistance 1,
electricity resistance, unbreathing, petrification resistance, rot immunity, AC
+3
a: Blink


You were on level 2 of the Dungeon.
You were not hungry.

You visited 1 branch of the dungeon, and saw 2 of its levels.

You collected 73 gold pieces.

Inventory:

Hand Weapons
 f - a +0 mace (weapon)
 l - a cursed -2 whip
Missiles
 b - 23 stones (quivered)
Armour
 c - a +0 robe (worn)
 k - a +0 helmet
Jewellery
 g - a cursed ring of loudness (left hand)
 i - an amulet of magic regeneration (around neck)
Potions
 j - a potion of might
Books
 e - a book of Geomancy

   Spells                             Type                      Level
   a - Sandblast                      Earth                        1
   b - Passwall                       Transmutation/Earth          2
   c - Stone Arrow                    Conjuration/Earth            3
   d - Petrify                        Transmutation/Earth          4
   e - Lee's Rapid Deconstruction     Earth                        5
Comestibles
 a - 3 chunks of flesh
 d - a bread ration
 h - 4 royal jellies


   Skills:
 + Level 0.4 Maces & Flails
 + Level 1.8 Dodging
 + Level 2.3 Stealth
 + Level 2.3 Spellcasting
   Level 0.7 Transmutations
 + Level 4.3 Earth Magic


You had 5 spell levels left.
You knew the following spells:

 Your Spells              Type           Power        Failure   Level  Hunger
a - Sandblast             Erth           ##....       4%          1    #......


Dungeon Overview and Level Annotations

Branches:
Dungeon (2/15)

Altars:

Annotations:
D:2 Robin


Innate Abilities, Weirdness & Mutations

You are resistant to torment.
Your stone body is resilient. (AC +3)
You are immune to poison.
You resist negative energy. (rN+)
You are resistant to electric shocks. (rElec)
You can survive without breathing.
You are immune to petrification.
You are immune to rotting.
You have large cloven feet.
You can translocate small distances at will.
You possess an exceptional clarity of mind.
Your flesh is cold resistant. (rC+)


Message History

The goblin misses you.
You miss the goblin. The goblin closely misses you.
The goblin hits you but does no damage.
You closely miss the goblin. You kick the goblin, but do no damage.
The goblin hits you but does no damage.
You hit the goblin.
You kill the goblin!
The goblin hits you but does no damage.
Casting: Sandblast
Confirm with . or Enter, or press ? or * to list all spells.
Aiming: Sandblast
Press: ? - help, Shift-Dir - straight line, f - goblin
Aim: a goblin, wielding a club The blast of sand hits the goblin.
You kill the goblin!
b - 23 stones Robin throws the goblin at you!
* * * LOW HITPOINT WARNING * * *
The goblin hits you with a dagger.
You die...

... ... #.###.## #.....[##
#.......###### #.g........
##>#)######. ##..#.# ..
#.g##r## #. #r###g@# #. #.#
##g# ##. #.# #.## #####
g#.. ###.# #..## #.g. g...#
#>#..g#####..#####g##.(# #
#.......grg...##......# #
##.#########.......########
#. ........g....$g)%).. #
##.....###.....#####


You could see Robin, 2 goblins and a rat.

Vanquished Creatures
  An ooze (D:1)
  2 dart slugs (D:1)
  A giant cockroach (D:1)
  2 kobolds (D:1)
  A ball python (D:1)
  2 bats (D:1)
  9 frilled lizards (D:1)
  7 goblins
  4 rats (D:1)
29 creatures vanquished.

Notes
Turn   | Place    | Note
-------+----------+-------------------------------------------
     0 | D:1      | JeffiDaFish the Gargoyle Earth Elementalist began the quest for the Orb.
     0 | D:1      | Reached XP level 1. HP: 10/10 MP: 3/3
   209 | D:1      | Reached XP level 2. HP: 10/15 MP: 0/5
   499 | D:1      | Gained mutation: You possess an exceptional clarity of mind. [potion of mutation]
   499 | D:1      | Gained mutation: You can translocate small distances at will. [potion of mutation]
   499 | D:1      | Gained mutation: You have large cloven feet. [potion of mutation]
   499 | D:1      | Gained mutation: Your flesh is cold resistant. (rC+) [potion of mutation]
   538 | D:1      | Reached skill level 4 in Earth Magic
   915 | D:1      | Reached XP level 3. HP: 19/19 MP: 4/6
  1026 | D:2      | Noticed Robin
  1075 | D:2      | Slain by a goblin

Vault maps used:
D:1:      zelgadis_glass_arrival_large, minmay_lizard_pond
D:2:      first_bread, uniq_robin

Skill      XL: |  1  2 |
---------------+-------+-----
Earth Magic    | 4 |  4.3
Maces & Flails | |  0.4
Dodging        | |  1.8
Stealth        | |  2.3
Spellcasting   | |  2.3
Transmutations | |  0.7

Action                   || total
-------------------------++-------
Melee: Mace              ||    45
       Kick              ||     6
 Cast: Sandblast         ||    25
 Abil: Blink             ||     1
  Use: Potion            ||     5
       Scroll            ||     1
  Eat: Chunk             ||     1
Armor: Robe              ||    25
Dodge: Dodged            ||    44
